 Dungeon Crawl Stone Soup version 0.30-a0-755-g0b50240ab4 (webtiles) character file.

Game seed: 5196585258431909876

198 Ijustatesigmund the Conjurer (level 5, -7/28 HPs)
             Began as a Deep Elf Conjurer on Feb 9, 2023.
             Mangled by an orc
             ... wielding a +0 flail
              (10 damage)
             ... on level 3 of the Dungeon.
             The game lasted 00:04:49 (2517 turns).

Ijustatesigmund the Conjurer (Deep Elf Conjurer)    Turns: 2517, Time: 00:04:50

Health: -7/28      AC:  2    Str:  1 (4)  XL:     5   Next: 47%
Magic:  13/13      EV: 11    Int: 24 (25) God:
Gold:   112        SH:  3    Dex: 11 (13) Spells: 10/13 levels left

rFire   . . .      SeeInvis .    e - +2 dagger (venom)
rCold   . . .      Faith    .    g - +0 buckler
rNeg    . . .      Spirit   .    a - +0 robe
rPois   .          Reflect  .    (no helmet)
rElec   .          Harm     .    (no cloak)
rCorr   .          Rampage  .    (no gloves)
Will    .....                    (no boots)
Stlth   ++                       (no amulet)
HPRegen 0.24/turn                (no ring)
MPRegen 0.13/turn                (no ring)

@: attractive
A: no striking features
a: no special abilities


You were on level 3 of the Dungeon.
You visited 1 branch of the dungeon, and saw 3 of its levels.

You collected 112 gold pieces.

Inventory:

Hand Weapons
 e - a +2 dagger of venom (weapon)
Armour
 a - a +0 robe (worn)
 g - a +0 buckler (worn)
Scrolls
 c - a scroll of fear {unknown}
 d - a scroll of brand weapon {unknown}
 f - 2 scrolls of identify {unknown}
 i - a scroll of torment {unknown}
 k - a scroll of amnesia {unknown}
 m - a scroll of enchant weapon {unknown}
 n - a scroll of summoning {unknown}
 q - a scroll of immolation {unknown}
 r - 3 scrolls of blinking {unknown}
 s - a scroll of noise {unknown}
Potions
 b - a potion of magic
 l - a potion of heal wounds {unknown}
 p - a potion of mutation {unknown}


   Skills:
 - Level 2.4 Dodging
 - Level 2.4 Stealth
 + Level 4.6 Spellcasting
 + Level 6.8 Conjurations


You had 10 spell levels left.
You knew the following spells:

 Your Spells              Type           Power      Damage    Failure   Level
a - Magic Dart            Conj           100%       1d8       1%          1
b - Searing Ray           Conj           76%        2d7       1%          2

Your spell library contained the following spells:

 Spells                   Type           Power      Damage    Failure   Level
 Dazzling Flash           Conj/Hex       44%        N/A       9%          3
 Fulminant Prism          Conj/Hex       11%        3d9       30%         4
 Iskenderun's Mystic Bla  Conj/Tloc      22%        2d6       30%         4


Dungeon Overview and Level Annotations

Branches:
Dungeon (3/15)

Altars:


Message History

You are confused.
In your confused state, you trip and fall back down the stairs.
The orc barely misses you. The orc hits you with a +0 flail!
Okay, then.
It was a potion of ambrosia.
You are more confused.
You feel invigorated. The orc hits you with a +0 short sword.
The orc hits you with a +0 flail. The orc attacks as you move away!
The orc closely misses you. The orc wizard closely misses you.
You hit the orc but do no damage. The orc completely misses you.
The orc barely misses you.
The orc wizard hits you with a +0 dagger.
Found a scale mail.
You feel less invigorated. The orc wizard closely misses you.
You miss the orc wizard. The orc misses you. The orc wizard barely misses you.
The orc completely misses you.
You hit the orc wizard.
The orc wizard is poisoned.
The orc wizard is moderately wounded.
The orc hits you with a +0 short sword. The orc hits you with a +0 flail.
The orc wizard closely misses you.
It was a potion of attraction.
You feel attractive to monsters. The orc barely misses you.
The orc wizard casts a spell.
The orc wizard flickers and vanishes!
Deactivating autopickup; reactivate with Ctrl-A.
The orc barely misses you. Something hits you but does no damage.
You hear some strange, mumbled words.
A puff of flame appears from out of thin air!
The puff of flame hits you. The orc hits you with a +0 flail!
* * * LOW HITPOINT WARNING * * *
Something is attracted toward you.
It was a potion of degeneration.
There was something very wrong with that liquid.
You feel weakened.
You feel dopey.
You feel clumsy.
You feel less confused. The orc hits you but does no damage.
The orc hits you with a +0 flail!
You die...

#..# #### #...##
#.[.. ......
..... ## #...##
#... ...
#$..##...
#..###......#
#...........##
!........o@).###
.........o.....#
..?......ยง...#.#
.###...<.....# #
#.........#
#...........
#........#...
#.........###
#......?..#


You could see 2 orcs.

Vanquished Creatures
  Jessica (D:2)
  Natasha (thrice) (D:2)
  4 gnolls (D:2)
  2 adders (D:2)
  A worm (D:2)
  2 orcs (D:2)
  6 endoplasms
  A giant cockroach (D:1)
  2 goblins
  4 hobgoblins
  3 quokkas
  A ball python (D:2)
  3 bats
  3 kobolds
  4 rats
40 creatures vanquished.

Notes
Turn   | Place    | Note
-------+----------+-------------------------------------------
     0 | D:1      | Ijustatesigmund the Deep Elf Conjurer began the quest for
                  | the Orb.
     0 | D:1      | Reached XP level 1. HP: 10/10 MP: 6/6
   328 | D:1      | Reached XP level 2. HP: 15/15 MP: 6/8
   331 | D:1      | Learned a level 2 spell: Searing Ray
   477 | D:1      | Reached skill level 5 in Conjurations
   992 | D:2      | Reached XP level 3. HP: 19/19 MP: 6/9
  1102 | D:2      | Noticed Natasha
  1107 | D:2      | Killed Natasha
  1108 | D:2      | Reached skill level 6 in Conjurations
  1213 | D:2      | Noticed Natasha
  1217 | D:2      | Killed Natasha
  1218 | D:2      | Reached XP level 4. HP: 24/24 MP: 4/11
  1408 | D:2      | Noticed Natasha
  1418 | D:2      | Killed Natasha
  1618 | D:2      | Noticed Jessica
  1626 | D:2      | Killed Jessica
  1627 | D:2      | Reached XP level 5. HP: 28/28 MP: 9/13
  2517 | D:3      | Mangled by an orc

Illustrated notes

Levels and vault maps discovered:
D:1:      scummos_arrival_simple_crosswalls, layout_basic
D:2:      layout_loops_ring, uniq_jessica, uniq_natasha
D:3:      layout_rooms, serial_shops, nicolae_shop_competitors_out_of_business,
          st_stairs_6, minmay_surrounded, uniq_sigmund

Skill      XL: |  1  2  3  4 |
---------------+-------------+-----
Conjurations   | 5 6 |  6.8
Spellcasting   | 4 |  4.6
Dodging        | |  2.4
Stealth        | |  2.4

Action                     |  1- 3 |  4- 6 || total
---------------------------+-------+-------++-------
  Melee: Dagger            |       |     3 ||     3
   Cast: Magic Dart        |    29 |    40 ||    69
         Searing Ray       |     5 |     6 ||    11
    Use: Potion            |       |     3 ||     3
 Armour: Robe              |       |     3 ||     3
  Dodge: Dodged            |       |    17 ||    17
  Block: Buckler           |       |     1 ||     1

Table legend: (Time is in decaauts)
 A = Elapsed time spent in this place.
 B = Non-inter-level travel time spent in this place.
 C = Inter-level travel time spent in this place.
 D = Time resting spent in this place.
 E = Time spent auto-exploring this place.
 F = Levels seen in this place.
 G = Mean time per level.
                   A        B        C        D        E       F      G
               +--------+--------+--------+--------+--------+-----+--------+
         Total |   2515 |   2456 |     59 |    484 |   1738 |   3 |  838.3 |
       Dungeon |   2515 |   2456 |     59 |    484 |   1738 |   3 |  838.3 |
               +--------+--------+--------+--------+--------+-----+--------+

Top non-repeatable levels by time:
     D:2: 1494 daAuts
     D:1: 1003 daAuts
     D:3: 18 daAuts
